 Dungeon Crawl Stone Soup version 0.30-a0-123-g91d0c66ccf (webtiles) character file.

Game seed: 2158325707403515672

13 Klosterheim the Grasshopper (level 2, 0/23 HPs)
             Began as a Barachi Warper on Sept 17, 2022.
             Slain by a quokka (2 damage)
             ... on level 1 of the Dungeon.
             The game lasted 00:01:16 (222 turns).

Klosterheim the Grasshopper (Barachi Warper)         Turns: 222, Time: 00:01:17

Health: 0/23       AC:  3    Str: 12    XL:     2   Next: 37%
Magic:  5/5        EV: 11    Int: 13    God:
Gold:   12         SH:  0    Dex: 11    Spells: 5/5 levels left

rFire   . . .      SeeInvis .    a - +0 falchion
rCold   . . .      Faith    .    (no shield)
rNeg    . . .      Spirit   .    b - +0 leather armour
rPois   .          Reflect  .    (no helmet)
rElec   .          Harm     .    (no cloak)
rCorr   .          Rampage  .    (no gloves)
Will    .....                    (no boots)
Stlth   +.........               (no amulet)
HPRegen 0.07/turn                (no ring)
MPRegen 0.09/turn                (no ring)

@: slow
A: amphibious, slowness 1, strong legs 1, +LOS
a: Hop


You were on level 1 of the Dungeon.
You visited 1 branch of the dungeon, and saw 1 of its levels.

You collected 12 gold pieces.

Inventory:

Hand Weapons
 a - a +0 falchion (weapon)
Missiles
 d - 7 boomerangs of dispersal (quivered)
Armour
 b - a +0 leather armour (worn)
Scrolls
 c - a scroll of blinking
Potions
 e - a potion of curing {unknown}


   Skills:
 + Level 2.5 Fighting
 + Level 2.6 Long Blades
 + Level 1.2 Throwing
 + Level 1.6 Armour
 + Level 2.4 Dodging
 + Level 2.3 Spellcasting
 + Level 3.3 Translocations


You had 5 spell levels left.
You didn't know any spells.
Your spell library contained the following spells:

 Spells                   Type           Power      Damage    Failure   Level
 Blink                    Tloc           20%        N/A       12%         2
 Gell's Gravitas          Tloc           10%        N/A       24%         3
 Lesser Beckoning         Tloc           10%        N/A       24%         3
 Teleport Other           Tloc           10%        N/A       24%         3
 Ensorcelled Hibernation  Hex/Ice        2%         N/A       43%         2
 Manifold Assault         Tloc           10%        N/A       61%         4
 Spider Form              Tmut/Pois      1%         N/A       67%         3
 Anguish                  Hex/Necr       0%         N/A       97%         4


Dungeon Overview and Level Annotations

Branches:
Dungeon (1/15)

Altars:


Innate Abilities, Weirdness & Mutations

You are amphibious.
You cover ground slowly.
You can hop short distances.
You have an extended range of vision and can be seen from far away.


Message History

You slash the endoplasm!
You kill the endoplasm!
No target in view!
No target in view!
No target in view!
Found a scroll labelled IGUXIY ZIPTOPP.
Found a scroll labelled RUURYAF TOEZY.
A quokka comes into view.
A dart slug comes into view.
The dart slug launches a dart at you. The slug dart misses you.
The quokka barely misses you. The quokka bites you.
The quokka closely misses you. The quokka bites you.
The dart slug closely misses you. The quokka barely misses you.
The dart slug launches a dart at you. The slug dart hits you.
The quokka bites you but does no damage.
The quokka closely misses you. The dart slug barely misses you.
The quokka completely misses you. The quokka bites you.
The dart slug closely misses you. The quokka barely misses you.
The quokka bites you. The dart slug launches a dart at you.
The slug dart hits you. The quokka bites you.
The dart slug bites you but does no damage.
The quokka closely misses you.
The quokka bites you but does no damage.
The dart slug launches a dart at you. The slug dart misses you.
The quokka barely misses you. The quokka barely misses you.
The dart slug launches a dart at you. The slug dart hits you.
* * * LOW HITPOINT WARNING * * *
The quokka closely misses you.
The dart slug bites you but does no damage.
The quokka bites you.
You die...

#..####.###
.#.?.....#
#.#.#####.#
#. #.# ##.##
#...# #.#.#
....#.#w..##
#...?.r@..#
######....#
##.#.# #.#.#
#####


You could see a dart slug and a quokka.

Vanquished Creatures
  2 dart slugs (D:1)
  2 endoplasms (D:1)
  2 hobgoblins (D:1)
  A bat (D:1)
  2 rats (D:1)
9 creatures vanquished.

Notes
Turn   | Place    | Note
-------+----------+-------------------------------------------
     0 | D:1      | Klosterheim the Barachi Warper began the quest for the Orb.
     0 | D:1      | Reached XP level 1. HP: 17/17 MP: 3/3
   129 | D:1      | Reached XP level 2. HP: 19/23 MP: 5/5
   222 | D:1      | Slain by a quokka

Illustrated notes

Levels and vault maps discovered:
D:1:      dpeg_arrival_rooms_a, layout_loops_ring,
          ebering_ecumenical_altar_hall, minmay_domino_2

Action                   || total
-------------------------++-------
Melee: Falchion          ||    21
Armor: Leather armour    ||    10
Dodge: Dodged            ||    27

Table legend: (Time is in decaauts)
 A = Elapsed time spent in this place.
 B = Non-inter-level travel time spent in this place.
 C = Inter-level travel time spent in this place.
 D = Time resting spent in this place.
 E = Time spent auto-exploring this place.
 F = Levels seen in this place.
 G = Mean time per level.
                   A        B        C        D        E       F      G
               +--------+--------+--------+--------+--------+-----+--------+
         Total |    246 |    232 |     14 |      0 |    158 |   1 |  246.0 |
       Dungeon |    246 |    232 |     14 |      0 |    158 |   1 |  246.0 |
               +--------+--------+--------+--------+--------+-----+--------+

Top non-repeatable levels by time:
     D:1: 246 daAuts
